AoeStats
← Mhafiki

Arena

508371489Analyzed
3v3 RM · 9d ago on Sep 22, 2026· 28m 26s· 6 players
Game mode
Random Map
Map size
Normal (6 player)
Population
200
Speed
Normal
Resources
Standard
Victory
Conquest
Starting age
Dark Age
Ending age
Imperial Age
RankedLock teamsTeams togetherTeam positionsShared explorationLock speedFull tech treeHidden civsTurbo modeCheats
Victory
Defeat
🇦🇷 Italians · Argentina
1155
+13
🇨🇦 Romans · Canada
1143
+14
🇺🇸 Slavs · United States
1116
+15
🇺🇸 Poles · United States
1142
-16
🇺🇸 Japanese · United States
1070
-13
🇺🇸 Saracens · United States
1063
-13
TomahawkAssassN
10:50 Feudal Age
15:13 Castle Age
13:09 Double-Bit Axe
15:18 Horse Collar
17:23 Gold Mining
20:16 Heavy Plow
20:36 Pikeman
21:18 Squires
21:31 Scale Mail Armor
22:48 Chain Mail Armor
25:21 Forging
Kirito Wizard
8:30 Loom
10:15 Feudal Age
16:33 Castle Age
14:23 Double-Bit Axe
14:20 Horse Collar
14:35 Gold Mining
14:51 Scale Mail Armor
16:19 Man-at-Arms
17:12 Forging
18:15 Squires
17:35 Long Swordsman
17:36 Pikeman
28:08 Wheelbarrow
27:19 Town Watch
enzopasq13
10:43 Feudal Age
14:30 Castle Age
12:53 Double-Bit Axe
12:50 Horse Collar
15:20 Loom
22:02 Fletching
Triqem
11:05 Feudal Age
16:19 Castle Age
20:02 Double-Bit Axe
19:59 Horse Collar
21:57 Bow Saw
22:04 Padded Archer Armor
22:34 Elite Skirmisher
23:59 Leather Archer Armor
24:13 Stone Mining
24:34 Heavy Plow
26:36 Fletching
Mhafiki
11:51 Feudal Age
10:09 Loom
16:30 Castle Age
16:39 Horse Collar
16:45 Double-Bit Axe
18:40 Heavy Plow
21:59 Bow Saw
23:31 Wheelbarrow
22:42 Loom
25:48 Forging
25:43 Scale Barding Armor
25:05 Light Cavalry
29:53 Imperial Age
DVaso
11:13 Feudal Age
15:09 Castle Age
14:30 Double-Bit Axe
14:27 Horse Collar
16:06 Bow Saw
19:26 Fervor
23:02 Wheelbarrow
22:14 Town Watch
22:33 Heavy Plow
Connection lost

Rejoining the realm…

Still unreachable

The connection could not be restored.

Session expired

The server has moved on; the page needs a fresh start.